 Dungeon Crawl Stone Soup version 0.27.1 (webtiles) character file.

Game seed: 3901074919840174618

44 pkoi the Chopper (level 3, -3/30 HPs)
             Began as a Minotaur Gladiator on Aug 27, 2021.
             Succumbed to an orange demon's poison
             ... on level 3 of the Dungeon.
             The game lasted 00:01:42 (1446 turns).

pkoi the Chopper (Minotaur Gladiator)               Turns: 1446, Time: 00:01:42

Health: -3/30      AC:  3    Str: 19      XL:     3   Next: 41%
Magic:  2/2        EV: 12    Int:  5      God:
Gold:   153        SH:  0    Dex:  8 (9)  Spells: 2/2 levels left

rFire    . . .     SeeInvis .   a - +0 war axe
rCold    . . .     Faith    .   (no shield)
rNeg     . . .     Spirit   .   b - +0 leather armour
rPois    .         Reflect  .   c - +0 hat
rElec    .         Harm     .   (no cloak)
rCorr    .         Rampage  .   (no gloves)
Will     .....                  (no boots)
Stlth    ..........             e - amulet of regeneration
HPRegen  1.10/turn              (no ring)
MPRegen  0.08/turn              (no ring)

@: confused, lethally poisoned (-3 -> -19)
A: horns 2, retaliatory headbutt, clumsy 1
a: no special abilities


You were on level 3 of the Dungeon.
You visited 1 branch of the dungeon, and saw 3 of its levels.

You collected 153 gold pieces.

Inventory:

Hand Weapons
 a - a +0 war axe (weapon)
Missiles
 d - 3 throwing nets (quivered)
 f - 35 poisoned darts
Armour
 b - a +0 leather armour (worn)
 c - a +0 hat (worn)
Jewellery
 e - an amulet of regeneration (around neck)
Scrolls
 k - a scroll of identify
Potions
 g - a potion of flight
 i - a potion of mutation


   Skills:
 - Level 2.4 Fighting
 + Level 5.4 Axes
 - Level 2.0 Throwing
 - Level 3.2 Dodging


You had 2 spell levels left.
You didn't know any spells.
Your spell library contained the following spells:

 Spells                   Type           Power      Damage    Failure   Level
 Shock                    Conj/Air       0%         1d3       54%         1
 Swiftness                Air            0%         N/A       88%         3
 Airstrike                Air            0%         N/A       99%         4


Dungeon Overview and Level Annotations

Branches:
Dungeon (3/15)

Altars:
Xom


Innate Abilities, Weirdness & Mutations

You have a pair of horns on your head.
You reflexively headbutt those who attack you in melee.
You are clumsy. (Dex -2)


Message History

No target in view!
Things that are here:
a +0 dagger; a kobold corpse
Found 11 gold pieces.
Found a scroll of identify.
You feel a little less clever now.
You now have 153 gold pieces (gained 11). "Let's see if it's strong enough to survive yet."
The divine experience confuses you!
You are confused.
There are monsters nearby!
There are monsters nearby!
There are monsters nearby!
The quasit bites you. The quasit claws you.
You feel clumsy. The quasit misses you. The shadow imp completely misses you.
You closely miss the iron imp. You barely miss the chaos spawn.
You barely miss the quasit. You hit the neqoxec but do no damage.
You slash the shadow imp! The quasit bites you. The quasit misses you.
The quasit closely misses you. The iron imp barely misses you.
The neqoxec closely misses you.
The orange demon stings you but does no damage.
The shadow imp hits you. The chaos spawn gores you.
You barely miss the quasit. You closely miss the chaos spawn.
You hit the iron imp. You miss the shadow imp. You completely miss the neqoxec.
The quasit bites you but does no damage.
The quasit claws you but does no damage.
The quasit closely misses you. The iron imp closely misses you.
The quasit misses you. The quasit closely misses you.
The quasit barely misses you. The neqoxec closely misses you.
The orange demon stings you from afar.
You are poisoned.
The orange demon poisons you! The shadow imp closely misses you.
The chaos spawn hits you!
* * * LOW HITPOINT WARNING * * *
The chaos spawn shocks you.
* * * LOW HITPOINT WARNING * * *
Unknown command.
You're too confused to move!
You die...
Xom chuckles heartily!

#. #.#+##+#+#+### ....#
#............# #....#
#...........# ..?...#
#...........# ####.....#
#...........# .........#
#..3........# .........#
#.@55.......# .........##
#554.5......# ..".......#
#5544.......# ..........#
#455........# ..........#
#...........# ..........#
#...........# .........##
#...........#
.........##+###...........#
.........#...............##


You could see an orange demon (summoned), an ice devil (summoned), a neqoxec
(summoned), 2 chaos spawn, an iron imp (summoned), 2 quasits, 3 white imps and 3
shadow imps.

Vanquished Creatures
  2 adders
  5 ball pythons
  4 endoplasms
  3 hobgoblins
  3 kobolds
  2 quokkas
  A bat (D:1)
  3 goblins (D:1)
  2 rats (D:1)
25 creatures vanquished.

Notes
Turn   | Place    | Note
-------+----------+-------------------------------------------
     0 | D:1      | pkoi the Minotaur Gladiator began the quest for the Orb.
     0 | D:1      | Reached XP level 1. HP: 18/18 MP: 0/0
    55 | D:1      | Reached skill level 4 in Axes
   128 | D:1      | Reached XP level 2. HP: 20/25 MP: 1/1
   439 | D:2      | Found a faded altar of an unknown god.
   562 | D:2      | Became a worshipper of Xom of Chaos
   563 | D:2      | Fell from the grace of Xom
   665 | D:2      | Reached skill level 5 in Axes
   665 | D:2      | Reached XP level 3. HP: 28/30 MP: 2/2
   948 | D:2      | XOM: give mutation
   948 | D:2      | Gained mutation: You are clumsy. (Dex -2) [Xom's mischief]
  1441 | D:3      | XOM: summons 14 hostile demons
  1442 | D:3      | Noticed a neqoxec
  1442 | D:3      | Noticed a chaos spawn
  1442 | D:3      | Noticed a chaos spawn
  1442 | D:3      | Noticed an orange demon
  1442 | D:3      | Noticed an ice devil
  1446 | D:3      | Succumbed to an orange demon's poison

Illustrated notes

Levels and vault maps discovered:
D:1:      dpeg_arrival_rooms_c, layout_rooms, minmay_pentomino_s2
D:2:      layout_loops_cross, ebering_ecumenical_altar_hall,
          minmay_misc_feat_hallway
D:3:      layout_basic, minmay_door_square, solitary_fountain

Skill      XL: |  1  2 |
---------------+-------+-----
Axes           | 4 5 |  5.4
Fighting       | |  2.4
Throwing       | |  2.0
Dodging        | |  3.2

Action                   || total
-------------------------++-------
Melee: War axe           ||    41
       Headbutt          ||     5
Invok: Renounce Religion ||     1
  Use: Scroll            ||     6
       Potion            ||     3
Armor: Leather armour    ||    12
Dodge: Dodged            ||    42
